 Dungeon Crawl Stone Soup version 0.22.1-2-g9c5b331383 (webtiles) character file.

51 McIrco the Sneak (level 3, -3/24 HPs)
             Began as a Vampire Enchanter on Jan 5, 2019.
             Slain by a gnoll
             ... wielding a +0 club
              (7 damage)
             ... on level 2 of the Dungeon.
             The game lasted 00:02:17 (1674 turns).

McIrco the Sneak (Vampire Enchanter)                Turns: 1674, Time: 00:02:18

Health: -3/24      AC:  2    Str:  8    XL:     3   Next: 58%
Magic:  6/6        EV: 13    Int: 17    God:
Gold:   181        SH:  0    Dex: 14    Spells: 5/6 levels left

rFire    . . .     SeeInvis +   a - +1 dagger
rCold    + . .     Gourm    .   (no shield)
rNeg     + + .     Faith    .   b - +0 robe
rPois    +         Spirit   .   (no helmet)
rElec    .         Reflect  .   (no cloak)
rCorr    .         Harm     .   (no gloves)
MR       .....                  (no boots)
Stlth    ++++......             (no amulet)
HPRegen  0.04/turn              (no ring)
MPRegen  0.10/turn              (no ring)

@: regenerating slowly
A: fangs 3, see invisible, unbreathing
a: Bat Form


You were on level 2 of the Dungeon.
You were near bloodless.

You visited 1 branch of the dungeon, and saw 3 of its levels.

You collected 181 gold pieces.

Inventory:

Hand Weapons
 a - a +1 dagger (weapon)
Armour
 b - a +0 robe (worn)
 g - a +0 plate armour
Scrolls
 e - a scroll of remove curse {unknown}
 f - a scroll of random uselessness {unknown}
 i - 2 scrolls of identify {unknown}
Potions
 c - a potion of resistance {unknown}
 d - a potion of blood
 h - a potion of heal wounds


   Skills:
 + Level 1.7 Short Blades
 * Level 1.2 Armour
 * Level 2.8 Dodging
 + Level 5.4 Stealth
 - Level 2.0 Spellcasting
 - Level 4.4 Hexes


You had 5 spell levels left.
You knew the following spells:

 Your Spells              Type           Power        Failure   Level  Hunger
a - Corona                Hex            ###....      3%          1    #......

Your spell library contained the following spells:

 Spells                   Type           Power        Failure   Level  Hunger
 Confuse                  Hex            ###.....     10%         3    ###....
 Tukima's Dance           Hex            ###.....     10%         3    ###....
 Ensorcelled Hibernation  Hex/Ice        #.....       12%         2    ###....
 Dazzling Spray           Conj/Hex       #.....       24%         3    ###....


Dungeon Overview and Level Annotations

Branches:
Dungeon (3/15)

Altars:
Okawaru


Innate Abilities, Weirdness & Mutations

You heal slowly.
You have razor-sharp teeth.
You have supernaturally acute eyesight. (SInv)
You can survive without breathing.


Message History

You hit the gnoll.
The gnoll is lightly wounded.
The gnoll hits you with a club.
* * * LOW HITPOINT WARNING * * *
You hit the gnoll.
The gnoll is moderately wounded.
The gnoll hits you but does no damage.
You hit the gnoll.
The gnoll is heavily wounded.
You see here a club.
There is a stone staircase leading up here.
You can't go down here!
The gnoll barely misses you.
You climb upwards.
There is a stone staircase leading down here.
Unknown command.
You hit the gnoll but do no damage.
The gnoll is heavily wounded.
The gnoll hits you with a club!
You die...

#.# #.# #.# #.#
#[####.# #########.#
#.#....# ..........#
#.#.#### ###########
#.#.# # #.#.#
######## #.#.#
.......# #g#.#
######.#########@#.#
#####...<........#.#
.......###########.#
######.# ########.#
# #.# ##........#
#.# #..>.###### #.#
#......#
#.###..#.#.# ###
#..###.._..#


You could see a gnoll.

Vanquished Creatures
  An adder (D:2)
  A gnoll (D:3)
  A worm (D:2)
  A leopard gecko (D:1)
  2 giant cockroaches
  A hobgoblin (D:1)
  A quokka (D:2)
  2 ball pythons (D:1)
  5 bats
  4 frilled lizards
  4 goblins (D:1)
  4 kobolds
  4 rats
31 creatures vanquished.

Notes
Turn   | Place    | Note
-------+----------+-------------------------------------------
     0 | D:1      | McIrco the Vampire Enchanter began the quest for the Orb.
     0 | D:1      | Reached XP level 1. HP: 13/13 MP: 3/3
   245 | D:1      | Reached XP level 2. HP: 19/19 MP: 5/5
   375 | D:1      | Reached skill level 5 in Stealth
   793 | D:1      | Reached skill level 1 in Armour
   981 | D:2      | Reached XP level 3. HP: 24/24 MP: 6/6
  1301 | D:2      | Found an iron altar of Okawaru.
  1674 | D:2      | Slain by a gnoll

Skill      XL: |  1  2 |
---------------+-------+-----
Stealth        | 5 |  5.4
Armour         | 1 |  1.2
Short Blades   | |  1.7
Dodging        | |  2.8
Spellcasting   | |  2.0
Hexes          | |  4.4

Action                   || total
-------------------------++-------
Melee: Dagger            ||   112
       Bite              ||     4
  Use: Potion            ||     4
 Stab: Sleeping          ||    12
Armor: Robe              ||    20
       Skin              ||    12
Dodge: Dodged            ||    61
